 Dungeon Crawl Stone Soup version 0.30-a0-305-g026cb31310 (webtiles) character file.

Game seed: 9667070328817628392

542 koil the Sneak (level 7, -1/36 HPs)
             Began as a Spriggan Brigand on Oct 22, 2022.
             Killed by nerve-wracking pain
             ... invoked by a shadow imp
              (8 damage)
             ... on level 5 of the Dungeon.
             The game lasted 00:14:22 (4295 turns).

koil the Sneak (Spriggan Brigand)                   Turns: 4295, Time: 00:14:23

Health: -1/36      AC:  7    Str:  7    XL:     7   Next: 6%
Magic:  13/13      EV: 20    Int: 14    God:
Gold:   210        SH:  0    Dex: 23    Spells: 13/13 levels left

rFire   . . .      SeeInvis +    a - +2 dagger
rCold   . . .      Faith    .    (no shield)
rNeg    . . .      Spirit   .    q - +0 robe
rPois   .          Reflect  .    (helmet restricted)
rElec   .          Harm     .    c - +0 cloak
rCorr   .          Rampage  .    (gloves unavailable)
Will    +....                    (boots unavailable)
Stlth   ++++......               (no amulet)
HPRegen 0.26/turn                u - +6 ring of dexterity
MPRegen 0.13/turn                w - +4 ring of protection

@: very quick
A: very small, no large weapons, unfitting armour, see invisible, speed 3
a: no special abilities


You were on level 5 of the Dungeon.
You visited 1 branch of the dungeon, and saw 5 of its levels.

You collected 210 gold pieces.

Inventory:

Hand Weapons
 a - a +2 dagger (weapon)
Missiles
 d - 9 poisoned darts
 e - 2 curare-tipped darts (quivered)
 y - 2 throwing nets
Armour
 c - a +0 cloak (worn)
 q - a +0 robe (worn)
Magical Staves
 m - a staff of poison
Jewellery
 b - a ring of resist corrosion
 j - a ring of magical power
 u - a +6 ring of dexterity (left hand)
 w - a +4 ring of protection (right hand)
 z - a ring of protection from cold
Wands
 s - a wand of flame (21)
 v - a wand of digging (7)
Scrolls
 f - 4 scrolls of identify {unknown}
 i - a scroll of blinking {unknown}
 o - a scroll of amnesia {unknown}
 p - 3 scrolls of teleportation {unknown}
 r - 2 scrolls of noise {unknown}
 t - 3 scrolls of torment {unknown}
 x - a scroll of enchant weapon {unknown}
Potions
 g - 2 potions of degeneration {unknown}
 h - a potion of heal wounds {unknown}
 k - a potion of magic {unknown}
 l - 2 potions of might {unknown}
 n - 7 potions of curing {unknown}


   Skills:
 + Level 3.0 Fighting
 + Level 4.2 Short Blades
 - Level 2.0 Throwing
 + Level 4.5 Dodging
 + Level 7.8 Stealth
 + Level 3.8 Spellcasting


You had 13 spell levels left.
You didn't know any spells.
Your spell library contained the following spells:

 Spells                   Type           Power      Damage    Failure   Level
 Magic Dart               Conj           8%         1d3       21%         1
 Searing Ray              Conj           4%         2d4       30%         2
 Static Discharge         Conj/Air       4%         2-3/arc   30%         2
 Vhi's Electric Charge    Tloc/Air       4%         N/A       52%         3
 Fulminant Prism          Conj/Hex       1%         3d6       89%         4
 Arcjolt                  Conj/Air       1%         1d11      99%         5
 Lightning Bolt           Conj/Air       1%         1d12      99%         5
 Maxwell's Capacitive Co  Air            1%         ∞         100%        8


Dungeon Overview and Level Annotations

Branches:
Dungeon (5/15)
 Temple: D:4-7

Altars:
Dithmenos
Xom
The Shining One

Shops:
D:5 (


Innate Abilities, Weirdness & Mutations

You are very small and have problems with some larger weapons.
You are too small for most types of armour.
You have supernaturally acute eyesight. (SInv)
You cover ground extremely quickly. (Speed+++)


Message History

You hear the slow hiss of a very distant avalanche of sand.
An adder comes into view.
Found 19 gold pieces.
The helpless adder fails to defend itself.
You perforate the adder like a sieve!!!
You kill the adder!
You see here 19 gold pieces.
Found a golden potion.
A gnoll comes into view. It is wielding a +0 halberd.
The shadow imp closely misses you.
The adder hisses angrily.
You hit the shadow imp but do no damage.
The shadow imp misses you.
You hit the shadow imp but do no damage.
You hit the shadow imp.
The shadow imp is moderately wounded.
The shadow imp closely misses you.
You barely miss the shadow imp.
The shadow imp is moderately wounded.
The shadow imp closely misses you.
You hit the shadow imp.
The shadow imp is almost dead.
The shadow imp gestures at you. Pain shoots through your body!
You closely miss the shadow imp.
The shadow imp is almost dead.
The shadow imp gestures at you. Pain shoots through your body!
You are too injured to fight recklessly!
You are too injured to fight recklessly!
You are too injured to fight recklessly!
You are too injured to fight recklessly!
An ufetubus comes into view.
The shadow imp gestures at you. Pain shoots through your body!
* * * LOW HITPOINT WARNING * * *
An orc comes into view. It is wielding a +0 club.
The shadow imp gestures at you. Pain shoots through your body!
You die...

# #.. ### .. .......
..##.# ....... †....#
....... ##..#### .......
##.....## .......
#..###..### .......
.....##...## ###.......
.##..#.....####.@..####
####...###......##.....o
.##....#)#..........####
.......###.......#...#
#)..............!# ..#
##...S.##......5g# .#
##.....###.......... ..
.......###.......#.....
........##.5..........


You could see a shadow imp and an orc (asleep).

Vanquished Creatures
  A necrophage (D:4)
  A crimson imp (D:3)
  An orc priest (D:4)
  A hound (D:4)
  Natasha (thrice) (D:4)
  2 iguanas (D:4)
  Robin (D:4)
  4 adders
  7 gnolls
  An ufetubus (D:4)
  4 worms
  A dart slug (D:2)
  5 orcs
  7 ball pythons
  12 endoplasms
  5 giant cockroaches
  17 goblins
  16 hobgoblins
  A jackal (D:3)
  13 kobolds
  6 quokkas
  5 bats
  7 frilled lizards
  A goblin skeleton (D:3)
  6 hobgoblin zombies (D:3)
  2 kobold skeletons (D:3)
  3 kobold zombies (D:3)
  An orc skeleton (D:3)
  7 rats
141 creatures vanquished.

Vanquished Creatures (others)
  A black bear (D:5)
  A scorpion (D:5)
  A goblin (D:4)
3 creatures vanquished.

Grand Total: 144 creatures vanquished

Notes
Turn   | Place    | Note
-------+----------+-------------------------------------------
     0 | D:1      | koil the Spriggan Brigand began the quest for the Orb.
     0 | D:1      | Reached XP level 1. HP: 10/10 MP: 2/2
    46 | D:1      | Reached skill level 6 in Stealth
    90 | D:1      | Reached XP level 2. HP: 15/15 MP: 2/4
   199 | D:1      | Reached skill level 1 in Spellcasting
   540 | D:1      | Reached XP level 3. HP: 8/18 MP: 5/5
  1537 | D:2      | Reached XP level 4. HP: 21/23 MP: 7/7
  1863 | D:3      | Found a faded altar of an unknown god.
  2007 | D:3      | Found a glowing golden altar of the Shining One.
  2491 | D:3      | Reached XP level 5. HP: 27/27 MP: 9/9
  2977 | D:4      | Reached skill level 7 in Stealth
  3272 | D:4      | Noticed Robin
  3323 | D:4      | Killed Robin
  3324 | D:4      | Reached XP level 6. HP: 18/32 MP: 11/11
  3675 | D:4      | Noticed Natasha
  3682 | D:4      | Killed Natasha
  3809 | D:4      | Noticed Natasha
  3882 | D:4      | Killed Natasha
  3908 | D:4      | Noticed Natasha
  3915 | D:4      | Killed Natasha
  4153 | D:5      | Entered Level 5 of the Dungeon
  4163 | D:5      | Reached XP level 7. HP: 36/36 MP: 13/13
  4170 | D:5      | Found Secsel Beano's Weapon Shop.
  4183 | D:5      | Found a shadowy altar of Dithmenos.
  4214 | D:5      | Found a shimmering altar of Xom.
  4295 | D:5      | Killed from afar by a shadow imp

Illustrated notes

Levels and vault maps discovered:
D:1:      dpeg_arrival_morbid_curiosity, layout_loops_corners,
          minmay_pentomino_s4
D:2:      minmay_inner_zag, layout_rooms
D:3:      minmay_octagon_keep, layout_rooms, nicolae_tso_besieged_by_evil,
          hellmonk_ecumenical_altar_lost_god
D:4:      kennysheep_big_flooded_room, layout_basic, minmay_fountain_box,
          minmay_between, uniq_robin, uniq_natasha
D:5:      layout_rooms, vehumet_statue, xom_confusion_cloud,
          nicolae_dithmenos_shadow_blocks, serial_shops,
          nicolae_shop_bloodbath_and_beyond, nicolae_ossuary_entry_catacombs,
          item_on_display_a

Skill      XL: |  1  2  3  4  5  6 |
---------------+-------------------+-----
Stealth        | 6 7 |  7.8
Spellcasting   | 1 2 3 |  3.8
Dodging        | 2 3 4 |  4.5
Fighting       | 2 3 |  3.0
Short Blades   | 3 4 |  4.2
Throwing       | |  2.0

Action                   |  1- 3 |  4- 6 |  7- 9 || total
-------------------------+-------+-------+-------++-------
Melee: Dagger            |   123 |   424 |    14 ||   561
       Punch             |       |     5 |       ||     5
Throw: Dart              |    12 |    31 |       ||    43
 Stab: Sleeping          |    16 |    20 |     3 ||    39
       Distracted        |       |     3 |       ||     3
Armor: Robe              |    17 |    59 |     4 ||    80
Dodge: Dodged            |    74 |   289 |     8 ||   371

Table legend: (Time is in decaauts)
 A = Elapsed time spent in this place.
 B = Non-inter-level travel time spent in this place.
 C = Inter-level travel time spent in this place.
 D = Time resting spent in this place.
 E = Time spent auto-exploring this place.
 F = Levels seen in this place.
 G = Mean time per level.
                   A        B        C        D        E       F      G
               +--------+--------+--------+--------+--------+-----+--------+
         Total |   3036 |   2946 |     90 |    115 |   1658 |   5 |  607.2 |
       Dungeon |   3036 |   2946 |     90 |    115 |   1658 |   5 |  607.2 |
               +--------+--------+--------+--------+--------+-----+--------+

Top non-repeatable levels by time:
     D:4: 885 daAuts
     D:3: 783 daAuts
     D:1: 758 daAuts
     D:2: 519 daAuts
     D:5: 89 daAuts
